Cogmind - Beta 13 @@@ ROGUE MODE // 2024.07.16 @ 11:31:28 Player: Attma Result: Destroyed by G-34 Mercenary with Small Laser Performance ------------- Evolutions (0) 0 Regions Visited (1) 200 Robots Destroyed (6) 30 Value Destroyed (195) 195 Prototype IDs (0) 0 Alien Tech Used (0) 0 Bonus (0) 0 TOTAL SCORE: 425 Bonus ------- None Cogmind --------- Core Integrity 0/250 Matter 267/300 Energy 100/100 System Corruption 0% Temperature Cool (6) Movement Core (200) Ox3 Location -10/Materials Parts ------- > --- POWER (1) -------- (None) > --- PROPULSION (2) --- (None) > --- UTILITY (2) ------ Medium Storage Unit Signal Interpreter > --- WEAPON (2) ------- (None) > --- INVENTORY (10) --- Light Ion Engine Light Ion Engine Improved Heat Sink Improved Heat Sink Small Storage Unit Medium Storage Unit Medium Storage Unit Medium Matter Pod (0) ECM Suite Peak State ------------ > --- POWER ------------ Ion Engine > --- PROPULSION ------- Light Treads Light Treads > --- UTILITY ---------- Medium Storage Unit Signal Interpreter > --- WEAPON ----------- Small Laser Assault Rifle > --- INVENTORY -------- Light Ion Engine Light Ion Engine Improved Heat Sink Improved Heat Sink Small Storage Unit Medium Matter Pod ECM Suite [Rating: 8] Favorites ----------- Power Ion Engine Engine Ion Engine Propulsion Light Treads Treads Light Treads Wheel Compact Wheel Utility Medium Storage Unit Storage Medium Storage Unit Processor Signal Interpreter Weapon Assault Rifle Energy Gun EM Pulse Gun Ballistic Gun Assault Rifle Build | -11 -10 ------- Run | Yrd Mat Slots Evolved . | . . Power . | . . Propulsion . | . . Utility . | . . Weapon . | . . Parts Attached 11 | 6 5 Power 1 | 1 . Engine 1 | 1 . Core . | . . Reactor . | . . Propulsion 4 | 2 2 Treads 2 | . 2 Leg . | . . Wheel 2 | 2 . Hover . | . . Flight . | . . Utility 3 | 1 2 Device . | . . Storage 2 | 1 1 Processor 1 | . 1 Hackware . | . . Protection . | . . Artifact . | . . Weapon 3 | 2 1 Energy Gun 2 | 1 1 Energy Cannon . | . . Ballistic Gun 1 | 1 . Ballistic Cannon . | . . Launcher . | . . Special Weapon . | . . Impact Weapon . | . . Slashing Weapon . | . . Piercing Weapon . | . . Special Melee Weapon . | . . Unidentified Prototypes . | . . Parts Lost 8 | . 8 Power 1 | . 1 Propulsion 4 | . 4 Utility . | . . Weapon 3 | . 3 Highest Loss Streak 5 | . 5 To Critical Strikes . | . . Average Slot Usage (%) 87 | . 87 Engine 13 | . 13 Treads 21 | . 21 Wheel 5 | . 5 Storage 14 | . 14 Processor 13 | . 13 Energy Gun 6 | . 6 Ballistic Gun 12 | . 12 Naked Turns . | . . Heaviest Build 19 | 14 19 Greatest Support 40 | 26 40 Greatest Overweight (x) 4 | 4 3 Average Overweight (x) . | . . Largest Inventory Capacity 10 | 8 10 Average Capacity 9 | 6 9 Most Carried 9 | 5 9 Average Carried 5 | 3 5 Final Capacity 10 | 8 10 Final Carried 9 | 3 9 Class Distribution -------------------- 100% | Mutant Dominant Class ---------------- Mutant | -10/Materials Resources | -11 -10 ----------- Run | Yrd Mat Matter Collected 333 | 151 182 Remotely . | . . Salvage Created 228 | . 228 Parts 12 | . 12 Haulers Intercepted . | . . Recyclers Shooed . | . . Parts Field Recycled . | . . Retrieved Matter . | . . Parts Self-Destructed . | . . Prevented . | . . Kills | -11 -10 ------- Run | Yrd Mat Combat Hostiles Destroyed 4 | . 4 Guns 4 | . 4 Classes Destroyed 3 | . 3 Tunneler 1 | . 1 Recycler 1 | . 1 Grunt 4 | . 4 Best Kill Streak 3 | . 3 Combat Bots Only 1 | . 1 Max Kills in Single Turn 1 | . 1 Gunslinging . | . . Exploded . | . . Melee . | . . Uniques/NPCs Destroyed . | . . Combat | -11 -10 -------- Run | Yrd Mat Hostile Shots Fired 80 | . 80 Missed 15 | . 15 Damage Taken 937 | . 937 Core 256 | . 256 Absorbed by Shields . | . . Core Remaining (%) 100 | 100 . Volleys Fired 48 | . 48 Largest 2 | . 2 Hottest 60 | . 60 Shots Fired 56 | . 56 Gun 56 | . 56 Cannon . | . . Launcher . | . . Special . | . . Kinetic 41 | . 41 Thermal 8 | . 8 Explosive . | . . Electromagnetic 7 | . 7 Robot Hit Streak 8 | . 8 Robot Miss Streak 3 | . 3 Penetration Max . | . . Secondary Targets . | . . Shots Hit Robots 41 | . 41 Core Hits 13 | . 13 Critical Kills 1 | . 1 Critical Parts Destroyed . | . . Critical Strikes 1 | . 1 Destroy 1 | . 1 Melee Attacks . | . . Impact . | . . Slashing . | . . Piercing . | . . Sneak Attacks . | . . Combat Hostiles . | . . Follow-up Attacks . | . . Damage Inflicted 605 | . 605 Guns 529 | . 529 Cannons . | . . Explosions 72 | . 72 Melee . | . . Ramming 4 | . 4 Kinetic 391 | . 391 Thermal 152 | . 152 Explosive . | . . Electromagnetic 58 | . 58 Impact . | . . Slashing . | . . Piercing . | . . Highest Corruption . | . . Average Corruption . | . . Corruption Purged . | . . Corruption Blocked . | . . Overload Shots . | . . Overflow Damage 14 | . 14 Projectiles . | . . Explosions 14 | . 14 Melee . | . . Knockbacks . | . . Impact . | . . Kinetic . | . . Secondary . | . . Self-Inflicted Damage 34 | . 34 Shots 1 | . 1 Rammed 8 | . 8 Targets Rammed 9 | . 9 Kicked . | . . Crushed 1 | . 1 Highest Temperature 93 | . 93 Average Temperature 38 | . 38 Received Heat Transfer 564 | . 564 Siege Activations . | . . Robots Corrupted . | . . Combat Hostiles . | . . Parts Fried . | . . Impact Corruptions . | . . Robots Melted . | . . Combat Hostiles . | . . Parts Melted 1 | . 1 Heat Transferred 275 | . 275 Parts Sabotaged . | . . Parts Stolen . | . . Parts Stripped . | . . Power Chain Reactions 1 | . 1 Alert | -11 -10 ------- Run | Yrd Mat Peak Influence 119 | . 119 Initial . | . . Average 59 | . 65 Maximum Alert Level . | . . Low Security (%) 100 | 100 100 Level 1 . | . . Level 2 . | . . Level 3 . | . . Level 4 . | . . Level 5 . | . . High Security . | . . Max Security . | . . Squads Dispatched 1 | . 1 Investigation . | . . Extermination . | . . Reinforcement 1 | . 1 Assault . | . . Garrison . | . . Intercept . | . . Searches Triggered . | . . Construction Impeded . | . . Haulers Reinforced . | . . Active Scanning Responses . | . . Cargo Convoy Interrupts . | . . Stealth | -11 -10 --------- Run | Yrd Mat Distress Signals . | . . Communications Jammed . | . . Distress Signals . | . . Times Spotted 14 | . 14 Peak Tracking Total 4 | . 4 Tactical Retreats . | . . Traps | -11 -10 ------- Run | Yrd Mat Traps Triggered . | . . Indirectly . | . . Trap Hack Attempts . | . . Triggered . | . . Disarmed . | . . Reprogrammed . | . . Reused . | . . Traps Extracted . | . . Installed . | . . Triggered . | . . Machines | -11 -10 ---------- Run | Yrd Mat Machines Disabled 2 | . 2 Max in Single Turn 1 | . 1 Machines Repaired . | . . Machines Dismantled . | . . Machines Sabotaged . | . . Overloaded Fab Kills . | . . Hacking | -11 -10 --------- Run | Yrd Mat Machines Accessed 4 | . 4 Terminals 3 | . 3 Fabricators . | . . Repair Stations . | . . Recycling Units 1 | . 1 Scanalyzers . | . . Garrison Access . | . . Total Hacks 15 | . 15 Successful 7 | . 7 Failed 8 | . 8 Catastrophic 1 | . 1 Database Lockouts . | . . Manual . | . . Terminals 12 | . 12 Fabricators . | . . Repair Stations . | . . Recycling Units 3 | . 3 Scanalyzers . | . . Garrison Access . | . . Terminal Hacks 6 | . 6 Emergency Access Points 2 | . 2 Locate Traps 2 | . 2 Hauler Manifests 1 | . 1 Registered Components 1 | . 1 Fabricator Hacks . | . . Repair Station Hacks . | . . Recycling Unit Hacks 1 | . 1 Report Inventory 1 | . 1 Scanalyzer . | . . Garrison Access Hacks . | . . Unauthorized Hacks . | . . Terminals . | . . Fabricators . | . . Repair Stations . | . . Recycling Units . | . . Scanalyzers . | . . Garrison Access . | . . Data Cores Recovered . | . . Used . | . . Hacking Detections 4 | . 4 Full Trace Events . | . . Feedback Events . | . . Feedback Blocked . | . . Robot Schematics Acquired . | . . Robots Built . | . . Authchips . | . . Time . | . . Total Robot Build Rating . | . . Part Schematics Acquired . | . . Parts Built . | . . Authchips . | . . Time . | . . Total Part Build Rating . | . . Parts Repaired . | . . Time . | . . Parts Recycled . | . . Recycled Matter . | . . Retrieved Matter . | . . Retrieved Components . | . . Parts Scanalyzed . | . . Part Schematics Acquired . | . . Parts Damaged . | . . Bothacking | -11 -10 ------------ Run | Yrd Mat Used RIF Installer . | . . Robots Hacked . | . . Non-combat . | . . Combat . | . . Robot Hacks Applied . | . . Relay Couplers Released . | . . Fabnet Peak Effective % . | . . Robots Rewired . | . . Allies Hacked . | . . Hacks Repelled . | . . Allies | -11 -10 -------- Run | Yrd Mat Total Allies . | . . Largest Group . | . . Highest-Rated Group . | . . Highest-Rated Ally . | . . Total Orders . | . . Ally Attacks . | . . Total Damage . | . . Kills . | . . Allies Corrupted . | . . Allies Melted . | . . Intel | -11 -10 ------- Run | Yrd Mat Robot Analysis Total . | . . Derelict Logs Recovered . | . . Drone Launches . | . . Drone Recoveries . | . . Exploration | -11 -10 ------------- Run | Yrd Mat Turns Passed 700 | 60 640 Spaces Moved 407 | 53 354 Core 35 | 29 6 Treads 241 | . 241 Legs . | . . Wheels 131 | 24 107 Hover . | . . Flight . | . . Fastest Speed 50 | 50 90 Average Speed 133 | 89 139 Slowest Speed 250 | 250 200 Overloaded Moves . | . . Propulsion Burnouts . | . . Robots Hopped . | . . Cave-ins Triggered . | . . Exploration Rate (%) 22 | 3 42 Regions Visited 1 Branch Regions . Pre-discovered Areas . | . . Known Exits Taken . | . . Unknown Exits Taken 1 | 1 . Scrap Searched . | . . Spaces Dug . | . . Terrain Destroyed 4 | . 4 Melee . | . . Projectile . | . . AOE 4 | . 4 Terrain Rammed . | . . Walls Destroyed . | . . Machines Disabled . | . . Actions | -11 -10 --------- Run | Yrd Mat Total 497 | 63 434 Wait 9 | . 9 Move 406 | 52 354 Hop . | . . Pick Up 14 | 5 9 Fast Attach 5 | 4 1 Attach 5 | 2 3 Detach . | . . Swap 1 | . 1 Drop . | . . Fire 48 | . 48 Melee . | . . Ram 7 | . 7 Kick . | . . Crush 2 | . 2 Escape Stasis . | . . Rewire . | . . Trap . | . . Miscellaneous . | . . Route ------- -11/Scrapyard -10/Materials (discovered 1 exit: *Min) History --------- Turn | Location | Event 18 | -11/Scrapyard | Discovered new exit (range 16) 61 | -11/Scrapyard | Entered Materials 220 | -10/Materials | Lost 3 parts (2n1w) 305 | -10/Materials | Build established: Mutant 548 | -10/Materials | Discovered new exit (range 4) 553 | -10/Materials | Identified exit to Mines 681 | -10/Materials | Core integrity fell below 50% 692 | -10/Materials | Core integrity fell below 20% 701 | -10/Materials | Destroyed by G-34 Mercenary with Small Laser Last Messages --------------- 00548_ EXIT=FOUND 00553_ EXIT=IDENTIFIED: MINES 00580_ Acquired Med. Storage Unit. 00626_ K-01 Serf cleans the Electrolysis Chamber. 00651_ Assault Rifle destroyed. 00660_ Critical hit (Burn: +37). 00661_ Slammed into G-47 Trooper. 00664_ Critical hit (Burn: +37). 00668_ Lgt. Treads destroyed. 00674_ Sml. Laser destroyed. 00675_ Slammed into G-47 Trooper. 00676_ Ion Engine destroyed. 00676_ M-13 Machinist repairs G-34 Mercenary. 00676_ Critical hit (Burn: +37). 00677_ Slammed into G-34 Mercenary. 00681_ Signal Interpreter broken. 00681_ Destabilizing: Short circuit. 00683_ Slammed into G-34 Mercenary. 00690_ M-13 Machinist repairs G-47 Trooper. Map ----- +----------------------------------------------------+ | ???????????????????????????????????? | | ???????????????????????????????????? | | ???????????????????????????????????? | | ???????????????????????????????????? | | ???????????????????????? ????????? | | ???????????????????????# ????????? | | ???????????????????????# ????????? | | ???????????????????????# ????????? | | ???????????????????????# ????????? | | ???????????????????????# ????????? | | ???????????????????????# ????????? | | ???????????????????????+ #???????? | | ???????????????????????# #???????? | | ???????????????????????# #???????? | | ???????????????????????# #???????? | | ???????????????????????# #???????? | | ??????????##########???# #???????? | | ??????????# #???# #???????? | | ??#######?# """ #???# #???????? | | ??# #?# """ #???# #???????? | | ??# ### """ #???# #####???? | | ??# + #??## ## !##??? | | ??# ### """ #??# #??? | | ??# #?# """ #??# !#??? | | ??### ###?# """ #??#* > !#??? | | ????# #???#@ m #??# #??? | | ????# #####/###+####??# !##??? | | ????# gg #?######/#######??? | | ????########## ### ^ ^ #??? | | ?????????????# + """ """ ^ #??? | | ?????????????# ### """^"""^ #??? | | ?????????????# #?# """ """ ^ ###? | | ?????????????# #?# ## | | ?????????????# ###########+##### | | ?????????????# # T #??? ???? | | ?????????????# # #????????? | | ?????????????# # """ #?????????? | | ?????????????# + """ #????####### | | ?????????????# # """ #????# | | ?????????????# # #????# """ " | | ???????????### #####+##????# """ " | | ??????????? #???# #?????# """ | | ??????????? #???# #?????# | | ?????????? #???# #?????# | | ????????? ###+######## #?????#####+# | | ???????? ?# + ####??# | | ??????? ??# ###### ??# """"" | | ??????#???# #????# #??# """"" | | ??????????# #????# #??# """"" | | ??????????# #???## ##?# """"" | +----------------------------------------------------+ Best States ------------- Heat Dissipation 25 Energy Generation 10 Energy Capacity 250 Matter Stores 267 Matter Capacity 300 Sight Range 16 Terrain Scan Density 10 Evasion (%) 42 Recoil Reduction 2 Item Schematics ----------------- None Robot Schematics ------------------ None Fabricated ------------ Nothing Alien Tech Used ----------------- None Achievements -------------- None Challenges ------------ None Game ------ Seed FlyingTripodDiverter Manual? 0 Play Time 00:08:11 Cumulative 11.9 hours Start 2024.07.16 @ 11:17:10 End 2024.07.16 @ 11:31:28 Sessions 1 Manual Loads 0 Difficulty Rogue Special Mode None Game No. 19 Rogue 19 Adventurer 0 Explorer 0 Win Type - Total 0 Types 0/0/0/0/0/0/0/0/0 Lore% 10 Gallery% 14 Achievement% 13 Wizard Run 0 Options --------- Layout 2 ASCII 0 Keyboard 1 Movement Arrows Keybinds 0 Fullscreen 1 Font 32/SmallcapsGlow Map View 50x44 Zoom Use 0% Tactical HUD 1 Map Filters NONE Filters NONE Steam 1 RUN: 7ff0f664-0d5f-46fc-8f48-8b4a66d198d1